 Dungeon Crawl Stone Soup version 0.27.1-33-g824d729ab1 (webtiles) character file.

Game seed: 2288960886287218821

175 Karpo the Firebug (level 5, 0/40 HPs)
             Began as a Hill Orc Fire Elementalist on Dec 30, 2021.
             Was an Initiate of Vehumet.
             Slain by a centaur (1 damage)
             ... on level 5 of the Dungeon.
             The game lasted 00:12:59 (4892 turns).

Karpo the Firebug (Hill Orc Fire Elementalist)      Turns: 4892, Time: 00:13:00

Health: 0/40       AC:  2    Str: 11    XL:     5   Next: 55%
Magic:  5/8        EV: 12    Int: 16    God:    Vehumet [......]
Gold:   194        SH:  0    Dex: 11    Spells: 8/9 levels left

rFire    . . .     SeeInvis .   o - +0 flail
rCold    . . .     Faith    .   (no shield)
rNeg     . . .     Spirit   .   a - +0 robe
rPois    .         Reflect  .   (no helmet)
rElec    .         Harm     .   (no cloak)
rCorr    .         Rampage  .   (no gloves)
Will     .....                  (no boots)
Stlth    ++........             (no amulet)
HPRegen  0.13/turn              (no ring)
MPRegen  0.11/turn              (no ring)

@: no status effects
A: no striking features
a: Renounce Religion


You were on level 5 of the Dungeon.
You worshipped Vehumet.
Vehumet was noncommittal.
You visited 1 branch of the dungeon, and saw 5 of its levels.

You collected 194 gold pieces.

Inventory:

Hand Weapons
 c - a +0 dagger
 d - a +0 whip
 o - a +0 flail (weapon)
Missiles
 w - 4 javelins
Armour
 a - a +0 robe (worn)
 q - a +0 leather armour
 r - a +0 pair of boots
Scrolls
 b - a scroll of identify {unknown}
 f - a scroll of amnesia {unknown}
 i - a scroll of fog {unknown}
 j - 2 scrolls of enchant armour {unknown}
 k - a scroll of brand weapon {unknown}
 p - a scroll of vulnerability {unknown}
 s - a scroll of magic mapping {unknown}
 u - 3 scrolls of fear {unknown}
 v - a scroll of noise {unknown}
Potions
 e - a potion of curing {unknown}
 g - a potion of heal wounds
 h - a potion of cancellation {unknown}
 l - 2 potions of might {unknown}
 m - a potion of flight {unknown}
 n - a potion of magic {unknown}
 t - a potion of attraction {unknown}


   Skills:
 - Level 1.4 Fighting
 - Level 1.5 Dodging
 - Level 1.5 Stealth
 + Level 2.6 Spellcasting
 + Level 2.8 Conjurations
 + Level 4.6 Fire Magic


You had 8 spell levels left.
You knew the following spells:

 Your Spells              Type           Power      Damage    Failure   Level
a - Foxfire               Conj/Fire      56%        2x1d6     4%          1

Your spell library contained the following spells:

 Spells                   Type           Power      Damage    Failure   Level
 Conjure Flame            Conj/Fire      14%        6-21      13%         3
 Inner Flame              Hex/Fire       9%         N/A       22%         3
 Stone Arrow              Conj/Erth      12%        3d7       32%         3
 Sticky Flame             Conj/Fire      14%        2d4       38%         4
 Fireball                 Conj/Fire      7%         3d5       75%         5
 Animate Armour           Summ/Erth      4%         N/A       89%         4
 Lehudib's Crystal Spear  Conj/Erth      3%         10d2      100%        8


Dungeon Overview and Level Annotations

Branches:
Dungeon (5/15)
 Temple: D:4-7

Altars:
Ashenzari
Vehumet

Annotations:
D:3 Terence


Message History

The arrow hits your foxfire!
You barely miss the centaur.
The centaur is moderately wounded.
The foxfire hits the centaur but does no damage.
The centaur is moderately wounded.
The foxfire hits the centaur.
The centaur is heavily wounded.
The centaur unwields a +0 vorpal shortbow.
The centaur hits you.
* * * LOW HITPOINT WARNING * * *
The centaur kicks you but does no damage.
The centaur hits you.
* * * LOW HITPOINT WARNING * * *
The centaur kicks you.
* * * LOW HITPOINT WARNING * * *
It was a potion of heal wounds.
You feel much better. The centaur misses you.
The centaur kicks you but does no damage.
You closely miss the centaur.
The centaur is heavily wounded.
The centaur hits you. The centaur kicks you. The centaur barely misses you.
The centaur kicks you but does no damage.
You closely miss the centaur.
The centaur is heavily wounded.
The centaur barely misses you. The centaur closely misses you.
The centaur hits you. The centaur misses you.
You hit the centaur but do no damage.
The centaur is heavily wounded.
The centaur hits you.
* * * LOW HITPOINT WARNING * * *
The centaur closely misses you. The centaur barely misses you.
The centaur closely misses you.
Casting: Foxfire (safe; 4% risk of failure)
Confirm with . or Enter, or press ? or * to list all spells.
You conjure some foxfire!
The centaur closely misses you. The centaur kicks you.
* * * LOW HITPOINT WARNING * * *
The centaur hits you.
* * * LOW HITPOINT WARNING * * *
The centaur kicks you.
You die...

#....... #......
#...... #####.....
#........# #........#
#........# #.....c@v#
#.......v# ....###'##
... #...## .# ....
#....# .##Z##.....
#....# ###+#......
#....# .##.#####...
##..##
[.+#+...##.####..####


You could see a centaur (ally target).

Vanquished Creatures
  A water moccasin skeleton (D:5)
  A jelly (D:4)
  An adder (D:3)
  3 adder skeletons
  2 dart slugs
  8 orcs
  7 ball pythons
  4 bats
  5 endoplasms
  A giant cockroach (D:4)
  6 goblins
  6 hobgoblins
  3 jackals (D:1)
  7 kobolds
  A quokka (D:3)
  5 frilled lizards
  2 rats (D:1)
63 creatures vanquished.

Vanquished Creatures (others)
  86 foxfires
86 creatures vanquished.

Grand Total: 149 creatures vanquished

Notes
Turn   | Place    | Note
-------+----------+-------------------------------------------
     0 | D:1      | Karpo the Hill Orc Fire Elementalist began the quest for
                  | the Orb.
     0 | D:1      | Reached XP level 1. HP: 14/14 MP: 3/3
    12 | D:1      | You fall into a shaft and drop 1 floor!
    33 | D:2      | Reached XP level 2. HP: 10/22 MP: 0/4
   480 | D:1      | Reached skill level 1 in Fighting
  1101 | D:1      | Reached XP level 3. HP: 28/28 MP: 3/5
  1200 | D:1      | Found a faded altar of an unknown god.
  2400 | D:3      | Found a broken altar of Ashenzari.
  2572 | D:3      | Reached XP level 4. HP: 25/35 MP: 7/7
  2795 | D:3      | Reached skill level 4 in Fire Magic
  3260 | D:3      | Noticed Terence
  3454 | D:5      | Entered Level 5 of the Dungeon
  3992 | D:4      | Reached XP level 5. HP: 4/40 MP: 3/8
  4429 | D:5      | Noticed a black bear
  4435 | D:5      | Noticed a water moccasin
  4436 | D:5      | Noticed a sky beast
  4437 | D:5      | Noticed a necrophage
  4438 | D:5      | Noticed a necrophage
  4503 | D:4      | Found a radiant altar of Vehumet.
  4536 | D:4      | Became a worshipper of Vehumet
  4882 | D:5      | Noticed a centaur
  4892 | D:5      | HP: 1/40 [centaur (4)]
  4892 | D:5      | Slain by a centaur

Illustrated notes

Levels and vault maps discovered:
D:1:      heliophobic_arrival_ceremonial_halls, layout_rooms,
          ebering_ecumenical_altar_petrified, roderic_lattice_a, chequers_jeans
D:2:      layout_basic, minmay_fractal_squares_5
D:3:      layout_basic, nicolae_overflow_crystal_walls,
          gammafunk_ghost_gnarly_gnolls, item_on_display_a, uniq_terence
D:4:      layout_basic, overflow_temple_1_default
D:5:      layout_gridville, temple_doors_ab, grunt_decor_resistance,
          nicolae_alphabet_shops, minmay_joined_circles

Skill      XL: |  1  2  3  4 |
---------------+-------------+-----
Fighting       | 1 |  1.4
Spellcasting   | 2 |  2.6
Conjurations   | 2 |  2.8
Fire Magic     | 4 |  4.6
Dodging        | |  1.5
Stealth        | |  1.5

Action                   |  1- 3 |  4- 6 || total
-------------------------+-------+-------++-------
Melee: Unarmed           |    16 |       ||    16
       Whip              |    49 |       ||    49
       Flail             |    14 |    68 ||    82
 Cast: Foxfire           |    40 |    21 ||    61
  Use: Potion            |       |     1 ||     1
 Stab: Sleeping          |       |     4 ||     4
Armor: Robe              |    15 |    12 ||    27
Dodge: Dodged            |    76 |    58 ||   134
